 Seeded DCSS version 0.30.0-10-gfe55d96785 (webtiles) character file.

Game seed: 13435958753314827705 (custom seed)

124 GigaChad the Shield-Bearer (level 5, -4/42 HPs)
             Began as a Formicid Fighter on May 16, 2023.
             Slain by a gnoll
             ... wielding a +0 halberd
              (7 damage)
             ... on level 3 of the Dungeon.
             The game lasted 00:02:45 (2136 turns).

GigaChad the Shield-Bearer (Formicid Fighter)       Turns: 2136, Time: 00:02:46

Health: -4/42      AC:  7    Str: 27    XL:     5   Next: 30%
Magic:  5/5        EV:  9    Int:  7    God:
Gold:   178        SH: 10    Dex: 19    Spells: 4/4 levels left

rFire   + . .        a - +0 war axe
rCold   + . .        e - +0 kite shield
rNeg    . . .        b - +0 scale mail
rPois   .            (helmet unavailable)
rElec   .            (no cloak)
rCorr   .            (no gloves)
SInv    +            (no boots)
Will    .....        (no amulet) Stlth
                     l - ring of the Crafting Madman {Dex+6 SInv}
HPRegen 0.27/turn    j - ring "Put-Me-On" {+Blink rF+ rC+ Str+4}
MPRegen 0.09/turn

%: no passive effects
@: no status effects
A: permanent stasis, dig shafts and tunnels, antennae 3, four strong arms
a: Dig, Shaft Self


You were on level 3 of the Dungeon.
You visited 1 branch of the dungeon, and saw 3 of its levels.

You collected 178 gold pieces.

Inventory:

Hand Weapons
 a - a +0 war axe (weapon)
Armour
 b - a +0 scale mail (worn)
 c - a +0 buckler
 e - a +0 kite shield (worn)
Jewellery
 i - a ring of fire
 j - the ring "Put-Me-On" (right hand) {+Blink rF+ rC+ Str+4}
   (You acquired it on level 2 of the Dungeon)

   [ring of protection from fire]

   Str:       It affects your strength (+4).
   rF:        It protects you from fire.
   rC:        It protects you from cold.
   +Blink:    It lets you blink.
 l - the ring of the Crafting Madman (left hand) {Dex+6 SInv}
   (You acquired it on level 2 of the Dungeon)

   [ring of dexterity]

   Dex:       It affects your dexterity (+6).
   SInv:      It lets you see invisible.
 p - an amulet of guardian spirit
Scrolls
 h - a scroll of identify
 k - a scroll of fog {unknown}
 n - 3 scrolls of teleportation {unknown}
 o - a scroll of poison {unknown}
 q - a scroll of magic mapping {unknown}
Potions
 d - a potion of might
 f - a potion of haste {unknown}
 g - 3 potions of curing {unknown}
 m - a potion of resistance {unknown}
 r - a potion of lignification {unknown}


   Skills:
 * Level 3.9 Fighting
 * Level 3.3 Axes
 * Level 4.1 Armour
 * Level 5.0 Shields


You had 4 spell levels left.
You didn't know any spells.
Your spell library contained the following spells:

 Spells                   Type           Power      Damage    Failure   Level
 Magic Dart               Conj           0%         1d3       89%         1
 Call Imp                 Summ           0%         N/A       96%         2
 Mephitic Cloud           Conj/Pois/Air  0%         N/A       99%         3


Dungeon Overview and Level Annotations

Branches:
Dungeon (3/15)

Altars:
Makhleb
Uskayaw


Innate Abilities, Weirdness & Mutations

You cannot be hasted, slowed, berserked, paralysed or teleported.
You can dig through walls and to a lower floor.
You have a pair of large antennae on your head. (SInv)
Your four strong arms can wield two-handed weapons with a shield.


Message History

Unknown command.
You hit the gnoll.
The gnoll is heavily wounded.
You block the gnoll's attack.
The gnoll hits you from afar with a +0 spear.
The gnoll hits you with a +0 whip. The gnoll hits you but does no damage.
You block the gnoll's attack. The gnoll barely misses you.
The gnoll hits you from afar with a +0 spear.
You are too injured to fight recklessly!
Unknown command.
You are too injured to fight recklessly!
Unknown command.
You are too injured to fight recklessly!
Unknown command.
You are too injured to fight recklessly!
Unknown command.
You barely miss the gnoll.
The gnoll is heavily wounded.
The gnoll hits you from afar with a +0 spear.
You block the gnoll's attack. x2; The gnoll closely misses you.
Unknown command.
You hit the gnoll.
The gnoll is severely wounded.
You block the gnoll's attack. x2
The gnoll hits you from afar with a +0 halberd!
* * * LOW HITPOINT WARNING * * *
The gnoll hits you but does no damage.
Unknown command.
You barely miss the gnoll.
The gnoll is severely wounded.
You block the gnoll's attack. x2; The gnoll misses you.
The gnoll hits you with a +0 whip.
* * * LOW HITPOINT WARNING * * *
The gnoll hits you with a +0 whip.
* * * LOW HITPOINT WARNING * * *
You block the gnoll's attack.
The gnoll hits you from afar with a +0 spear.
* * * LOW HITPOINT WARNING * * *
The gnoll hits you from afar with a +0 halberd!
You die...

##### #####
#...####...#
..#........#
#...####...#
##### ##.## ###
#.# .... ### #.#
..... #..
#.########g...?.
#.#
#.......@gg.....
#.#
##########g.....
#.# .(... ##.#
.... ##...
.#######.... #
#........
#<###>... #.#
##... # #.# ####


You could see 4 gnolls.

Vanquished Creatures
  6 adders
  2 dart slugs
  4 ball pythons
  6 endoplasms
  3 giant cockroaches
  5 goblins
  9 hobgoblins
  5 jackals
  2 quokkas (D:1)
  3 bats (D:1)
  7 frilled lizards
  4 kobolds
  7 rats
63 creatures vanquished.

Notes
Turn   | Place    | Note
-------+----------+-------------------------------------------
     0 | D:1      | GigaChad the Formicid Fighter began the quest for the Orb.
     0 | D:1      | Reached XP level 1. HP: 18/18 MP: 1/1
    37 | D:1      | Reached XP level 2. HP: 22/24 MP: 2/2
   282 | D:1      | Reached XP level 3. HP: 29/29 MP: 3/3
   874 | D:1      | Found a faded altar of an unknown god.
  1137 | D:2      | Reached XP level 4. HP: 20/37 MP: 4/4
  1222 | D:2      | Found a hide-covered altar of Uskayaw.
  1273 | D:2      | Identified 2 scrolls of acquirement
  1274 | D:2      | Acquired the ring of the Crafting Madman {Dex+6 SInv}
  1276 | D:2      | Acquired the ring "Put-Me-On" {+Blink rF+ rC+ Str+4}
  1423 | D:2      | Reached XP level 5. HP: 42/42 MP: 5/5
  1975 | D:3      | Found a burning altar of Makhleb.
  2019 | D:3      | Reached skill level 5 in Shields
  2136 | D:3      | Slain by a gnoll

Illustrated notes

Levels and vault maps discovered:
D:1:      scummos_arrival_forest, layout_loops_corners,
          shapermc_ecumenical_altar_hornbeckon
D:2:      layout_rooms, basic_altar, roderic_roman_lattice,
          dreamdust_mushroom_princess
D:3:      layout_loops_ring, overflow_temple_1_default

Skill      XL: |  1  2  3  4  5 |
---------------+----------------+-----
Axes           | 3 |  3.3
Armour         | 4 |  4.1
Shields        | 5 |  5.0
Fighting       | |  3.9

Action                     |  1- 3 |  4- 6 || total
---------------------------+-------+-------++-------
  Melee: War axe           |    94 |    73 ||   167
    Use: Scroll            |       |     3 ||     3
 Armour: Scale mail        |    52 |    39 ||    91
  Dodge: Dodged            |    42 |    31 ||    73
  Block: Buckler           |     9 |       ||     9
         Kite shield       |    36 |    56 ||    92
